 Dungeon Crawl Stone Soup version 0.17.0-17-ge4ba49f (webtiles) character file.

326 Rationalist the Skirmisher (level 6, 0/72 HPs)
             Began as a Demonspawn Berserker on Nov 11, 2015.
             Was a Priest of Trog.
             Slain by BledDest's ghost (1 damage)
             ... on level 4 of the Dungeon.
             The game lasted 00:06:31 (5632 turns).

Rationalist the Skirmisher (Demonspawn Berserker)   Turns: 5632, Time: 00:06:32

Health: 0/72       AC:  3    Str: 24    XL:     6   Next: 24%
Magic:  6/6        EV: 14    Int: 13    God:    Trog [***...]
Gold:   107        SH:  0    Dex: 15    Spells: 0 memorised, 5 levels left

rFire  . . .     SeeInvis .     a - +0 hand axe
rCold  . . .     Clarity  .     b - +0 animal skin
rNeg   + . .     SustAt   .     (no shield)
rPois  .         Gourm    .     (helmet restricted)
rElec  .         Spirit   .     (no cloak)
rCorr  .         Warding  +     (no gloves)
rMut   .         Stasis   .     (no boots)
MR     .....                    l - amulet of warding
Stlth  ..........               (no ring)
                                v - +5 ring of intelligence

@: berserking, very quick, not resistant to hostile enchantments, extremely
unstealthy
A: hooves 1, horns 1, icy blue scales 1, foul stench 1, strong 1, rot immunity
a: Berserk, Trog's Hand, Burn Spellbooks, Renounce Religion


You were on level 4 of the Dungeon.
You worshipped Trog.
Trog was most pleased with you.
You were hungry.

You visited 1 branch of the dungeon, and saw 4 of its levels.

You collected 107 gold pieces.

Inventory:

Hand Weapons
 a - a +0 hand axe (weapon)
Missiles
 g - 37 sling bullets
 j - 17 poisoned needles
 q - 28 bolts
 u - 3 javelins (quivered)
Armour
 b - a +0 animal skin (worn)
Jewellery
 l - an amulet of warding (around neck)
 v - a +5 ring of intelligence (left hand)
Scrolls
 d - 5 scrolls of remove curse
 e - a scroll of immolation {unknown}
 f - a scroll of magic mapping {unknown}
 h - a scroll of noise {unknown}
 i - a scroll of fear {unknown}
 k - 2 scrolls of recharging {unknown}
 m - 2 scrolls of identify {unknown}
 n - a scroll of blinking {unknown}
 o - 3 scrolls of teleportation {unknown}
 p - a scroll of enchant armour {unknown}
Comestibles
 c - 5 bread rations
 r - 4 fruits
 s - a beef jerky
 t - a meat ration


   Skills:
 + Level 4.3 Fighting
 + Level 3.9 Axes
 + Level 2.1 Armour
 + Level 4.0 Dodging
 + Level 1.4 Stealth


You had 5 spell levels left.
You didn't know any spells.

Dungeon Overview and Level Annotations

Branches:
Dungeon (4/15)             Temple (0/1) D:4

Altars:

Annotations:
D:4 BledDest's ghost, novice SpBe


Innate Abilities, Weirdness & Mutations

You have large cloven feet.
You are partially covered in icy blue scales (AC +1).
You may emit foul miasma when damaged in melee.
You are immune to rotting.
You have a pair of small horns on your head.
Your muscles are strong. (Str +2)


Message History

* * * LOW HITPOINT WARNING * * *
BledDest's ghost burns you.
* * * LOW HITPOINT WARNING * * *
You emit a cloud of foul miasma!
You barely miss BledDest's ghost. Your kick misses BledDest's ghost.
You headbutt BledDest's ghost!
BledDest's ghost is moderately damaged.
You miss BledDest's ghost. Your kick misses BledDest's ghost.
Your headbutt misses BledDest's ghost.
BledDest's ghost is moderately damaged.
BledDest's ghost hits you!
* * * LOW HITPOINT WARNING * * *
BledDest's ghost burns you.
* * * LOW HITPOINT WARNING * * *
You miss BledDest's ghost. Your kick misses BledDest's ghost.
BledDest's ghost is moderately damaged.
BledDest's ghost hits you.
* * * LOW HITPOINT WARNING * * *
BledDest's ghost burns you.
You die...

...# #.......###....#........
..## #......###.....#........
..# ##..#...##..#....).......
#.####..###.....###......##...
...#...........## #.....## #.
.##....≈≈§....## ##.....#
##....≈≈§≈≈...####..##..#
#..#≈≈§≈§§≈...##..## ..#
#.##≈§≈>≈§§....@W.# .#.. ..#
#≈≈≈≈§≈≈.......###..... ..
..≈≈§§≈.....##......## #.
...≈≈§..##.#####...## ##
##..######.# #.## #.# ..# #..
... ... .... ..##


You could see BledDest's ghost.

Vanquished Creatures
  The ghost of SirDieALot the Charmwright, an amateur DsSk (D:3)
  An orc priest (D:3)
  An iguana (D:4)
  Terence (D:3)
  A worker ant (D:4)
  5 adders
  4 worms (D:2)
  A giant gecko (D:4)
  7 orcs
  2 ball pythons (D:3)
  11 bats
  9 hobgoblins
  4 jackals (D:1)
  10 kobolds
  4 quokkas
  3 giant cockroaches
  7 giant newts
  5 goblins
  A jackal skeleton (D:4)
  4 rats
82 creatures vanquished.

Notes
Turn   | Place    | Note
--------------------------------------------------------------
     0 | D:1      | Rationalist the Demonspawn Berserker began the quest for the Orb.
     0 | D:1      | Reached XP level 1. HP: 18/18 MP: 1/1
   256 | D:1      | Gained mutation: You have large cloven feet. [demonic ancestry]
   256 | D:1      | Reached XP level 2. HP: 6/24 MP: 2/2
  1109 | D:1      | Reached ** piety under Trog
  1552 | D:2      | Reached XP level 3. HP: 15/29 MP: 3/3
  3645 | D:2      | Gained mutation: Your muscles are strong. (Str +2) [potion of mutation]
  3645 | D:2      | Gained mutation: You have a pair of small horns on your head. [potion of mutation]
  3660 | D:2      | Gained mutation: You are partially covered in icy blue scales (AC +1). [demonic ancestry]
  3660 | D:2      | Reached XP level 4. HP: 31/35 MP: 4/4
  4270 | D:3      | Noticed SirDieALot's ghost (amateur DsSk)
  4279 | D:3      | Killed SirDieALot's ghost
  4279 | D:3      | Reached skill level 4 in Fighting
  4279 | D:3      | Reached skill level 1 in Stealth
  4279 | D:3      | Gained mutation: You are immune to rotting. [demonic ancestry]
  4279 | D:3      | Reached XP level 5. HP: 42/42 MP: 5/5
  4475 | D:3      | Reached *** piety under Trog
  4479 | D:3      | Noticed Terence
  4488 | D:3      | Killed Terence
  5106 | D:4      | Gained mutation: You may emit foul miasma when damaged in melee. [demonic ancestry]
  5106 | D:4      | Reached XP level 6. HP: 40/48 MP: 6/6
  5135 | D:4      | Found a staircase to the Ecumenical Temple.
  5621 | D:4      | Noticed BledDest's ghost (novice SpBe)
  5632 | D:4      | HP: 1/72 [BledDest's ghost (3)]
  5632 | D:4      | Slain by BledDest's ghost

Action                   |  1- 3 |  4- 6 || total
-------------------------+-------+-------++-------
Melee: Hand axe          |   165 |   122 ||   287
Invok: Berserk           |     3 |     3 ||     6
  Use: Potion            |    10 |     1 ||    11
       Scroll            |     1 |       ||     1
 Stab: Sleeping          |     2 |     1 ||     3
  Eat: Chunk             |     9 |     5 ||    14
       Pizza             |     1 |       ||     1
       Bread ration      |       |     1 ||     1
